 Dungeon Crawl Stone Soup version 0.23-a0-41-g8b50da7 (webtiles) character file.

172 topirishpotato the Covered (level 5, 0/32 HPs)
             Began as a Gargoyle Fighter on Aug 6, 2018.
             Killed from afar by an orc wizard (7 damage)
             ... with a magic dart
             ... on level 4 of the Dungeon.
             The game lasted 00:06:31 (2944 turns).

topirishpotato the Covered (Gargoyle Fighter)       Turns: 2944, Time: 00:06:32

Health: 0/32       AC: 12    Str: 20    XL:     5   Next: 52%
Magic:  5/5        EV:  7    Int:  9    God:
Gold:   194        SH:  9    Dex:  9    Spells: 5/5 levels left

rFire    . . .     SeeInvis +   a - +1 flail
rCold    . . .     Gourm    .   c - +0 shield
rNeg     + . .     Faith    .   b - +0 scale mail
rPois    ∞         Spirit   .   (helmet restricted)
rElec    +         Reflect  .   (no cloak)
rCorr    .         Harm     +   (no gloves)
MR       .....     Clarity  +   (no boots)
Stlth    ..........             l - amulet of harm
HPRegen  0.10/turn              (no ring)
MPRegen  0.09/turn              (no ring)

@: slowed, very slow
A: horns 2, see invisible, clarity, negative energy resistance 1, shaggy fur 1,
electricity resistance, unbreathing, petrification resistance, rot immunity, AC
+4
a: no special abilities


You were on level 4 of the Dungeon.
You were hungry.

You visited 1 branch of the dungeon, and saw 4 of its levels.

You collected 194 gold pieces.

Inventory:

Hand Weapons
 a - a +1 flail (weapon)
Missiles
 m - 81 stones (quivered)
Armour
 b - a +0 scale mail (worn)
 c - a +0 shield (worn)
Jewellery
 l - an amulet of harm (around neck)
Wands
 e - a wand of acid (9)
Scrolls
 d - 3 scrolls of identify
Potions
 i - a potion of haste
 j - 2 potions of curing
 n - a potion of ambrosia
 o - a potion of flight
 p - 2 potions of degeneration
 r - a potion of heal wounds {unknown}
Comestibles
 f - 5 rations


   Skills:
 - Level 3.5 Fighting
 + Level 3.4 Maces & Flails
 * Level 4.5 Armour
 + Level 1.1 Stealth
 * Level 4.3 Shields
 * Level 0.5 Spellcasting


You had 5 spell levels left.
You didn't know any spells.
Your spell library was empty.

Dungeon Overview and Level Annotations

Branches:
Dungeon (4/15)
 Temple: D:4-7

Altars:
Kikubaaqudgha
Okawaru


Innate Abilities, Weirdness & Mutations

You are resistant to torment.
Your stone body is resilient. (AC +4)
You are immune to poison.
You resist negative energy. (rN+)
You are resistant to electric shocks. (rElec)
You can survive without breathing.
You are immune to petrification.
You are immune to rotting.
You have a pair of horns on your head.
You have supernaturally acute eyesight. (SInv)
You possess an exceptional clarity of mind.
You are covered in fur. (AC +1)


Message History

You feel as though you will be slow longer.
You hit the orc wizard but do no damage.
You headbutt the orc wizard.
The orc wizard is heavily wounded.
You block the orc wizard's attack. x3
You closely miss the orc wizard. Your headbutt misses the orc wizard.
The orc wizard is heavily wounded.
The orc wizard hits you with a dagger.
* * * LOW HITPOINT WARNING * * *
The orc wizard gestures wildly while chanting.
The orc wizard blinks!
The orc wizard gestures wildly while chanting.
The orc wizard blinks!
The orc wizard casts a spell at you.
You feel as though you will be slow longer.
The orc wizard gestures wildly while chanting.
The orc wizard blinks!
The orc wizard gestures at you while chanting.
The magic dart hits you!
You die...

....................
.##.##.#####..#####
....##.#####..#####
.##......†....##..
.##.##.##.##..##.# #
.##.##.##.##..##.##.##.#
.................!......
###.##.#####.###.#####.#
#.##.# #.# #@# ...
...... . ..# #.##.##.#
#...## #..####.......#
#.....o.......#
#.......##.##.#
.........# .# ###......#
. #......# # #.####.#


You could see an orc wizard.

Vanquished Creatures
  An orc priest (D:4)
  Robin (D:3)
  3 gnolls (D:2)
  2 adders
  An adder skeleton (D:4)
  A worm (D:3)
  A dart slug (D:1)
  3 leopard geckos
  3 orcs
  2 ball pythons (D:1)
  5 giant cockroaches
  10 goblins
  8 hobgoblins
  3 jackals (D:2)
  2 quokkas
  4 bats
  3 frilled lizards
  8 kobolds
  A quokka skeleton (D:4)
  9 rats
71 creatures vanquished.

Notes
Turn   | Place    | Note
-------+----------+-------------------------------------------
     0 | D:1      | topirishpotato the Gargoyle Fighter began the quest for the Orb.
     0 | D:1      | Reached XP level 1. HP: 14/14 MP: 1/1
    83 | D:1      | Reached XP level 2. HP: 18/19 MP: 2/2
   446 | D:1      | Reached XP level 3. HP: 16/23 MP: 3/3
  1295 | D:2      | Found an ancient bone altar of Kikubaaqudgha.
  1493 | D:2      | Reached XP level 4. HP: 24/28 MP: 4/4
  2066 | D:3      | Noticed Robin
  2085 | D:3      | Killed Robin
  2085 | D:3      | Reached skill level 1 in Stealth
  2111 | D:3      | Gained mutation: You have supernaturally acute eyesight. (SInv) [potion of mutation]
  2111 | D:3      | Gained mutation: You are covered in fur. (AC +1) [potion of mutation]
  2249 | D:3      | Gained mutation: You have a pair of small horns on your head. [potion of mutation]
  2249 | D:3      | Gained mutation: You possess an exceptional clarity of mind. [potion of mutation]
  2249 | D:3      | Gained mutation: You have a pair of horns on your head. [potion of mutation]
  2306 | D:3      | Found an iron altar of Okawaru.
  2405 | D:3      | Reached XP level 5. HP: 32/32 MP: 5/5
  2944 | D:4      | Killed from afar by an orc wizard

Vault maps used:
D:1:      roderic_chinese_lattice_arrival
D:2:      kiku_gazebo_garden_becter
D:3:      marbit_many_paths, uniq_robin
D:4:      grunt_qazlal_clouds, uniq_menkaure

Skill      XL: |  1  2  3  4  5 |
---------------+----------------+-----
Armour         | 4 |  4.5
Shields        | 4 |  4.3
Stealth        | 1 |  1.1
Maces & Flails | 3 |  3.4
Fighting       | |  3.5
Spellcasting   | |  0.5

Action                   |  1- 3 |  4- 6 || total
-------------------------+-------+-------++-------
Melee: Flail             |   185 |   134 ||   319
       Headbutt          |       |     6 ||     6
  Use: Potion            |     1 |     4 ||     5
       Scroll            |       |    11 ||    11
  Eat: Chunk             |     1 |     2 ||     3
       Ration            |       |     1 ||     1
Armor: Scale mail        |   117 |    87 ||   204
Dodge: Dodged            |    81 |    37 ||   118
Block: Shield            |   122 |    63 ||   185

Table legend:
 A = Spawn XP
 B = Non-spawn XP
 C = Spawn XP percentage of total XP
 D = Spawn monster count
 E = Non-spawn monster count
 F = Spawn count percentage of total count
 G = Total turns spent on level
                    A         B        C        D         E        F      G
               +---------+---------+-------+---------+---------+-------+---------
         Total |       0 |     246 |   0.0 |       0 |      71 |   0.0 |  2944
               +---------+---------+-------+---------+---------+-------+---------
           D:1 |       0 |      45 |   0.0 |       0 |      27 |   0.0 |   747
           D:2 |       0 |      62 |   0.0 |       0 |      14 |   0.0 |   980
           D:3 |       0 |      70 |   0.0 |       0 |      22 |   0.0 |  1095
           D:4 |       0 |      69 |   0.0 |       0 |       8 |   0.0 |   122
               +---------+---------+-------+---------+---------+-------+---------
